 Dungeon Crawl Stone Soup version 0.15-a0-77-g44c3f01 (webtiles) character file.

73 4tharraofdagon the Firebug (level 3, -5/19 HPs)
             Began as a Tengu Fire Elementalist on Apr 7, 2014.
             Slain by Grinder (10 damage)
             ... while paralysed by Grinder
             ... on Level 3 of the Dungeon.
             The game lasted 00:03:41 (565 turns).

4tharraofdagon the Firebug (Tengu Fire Elementalist) Turns: 565, Time: 00:03:41

HP  -5/19        AC  2     Str  8      XL: 3   Next: 43%
MP   1/7         EV  2     Int 16      God:
Gold 35          SH  0     Dex 14      Spells:  2 memorised,  2 levels left

rFire  . . .     SeeInvis .     e - +0 mace
rCold  . . .     Clarity  .     a - +0 robe
rNeg   . . .     Conserve .     (no shield)
rPois  .         rCorr    .     (helmet restricted)
rElec  .         rRot     .     (no cloak)
SustAb . .       Spirit   .     (no gloves)
rMut   .         Warding  .     (boots unavailable)
Saprov . . .     Stasis   .     (no amulet)
MR     .....                    (no ring)
                                (no ring)

@: paralysed, very slightly contaminated, not resistant to hostile enchantments,
fairly stealthy
A: beak, talons 3
a: no special abilities


You were on level 3 of the Dungeon.
You were not hungry.

You visited 1 branch of the dungeon, and saw 3 of its levels.
You also visited: Sewer.

You collected 35 gold pieces.

Inventory:

Hand weapons
 e - a +0,+0 mace (weapon)
Armour
 a - a +0 robe (worn)
Comestibles
 c - 2 bread rations
Scrolls
 d - a scroll of remove curse
 f - a scroll of magic mapping {unknown}
 g - a scroll of enchant weapon II {unknown}
 h - a scroll of recharging
Jewellery
 k - an uncursed amulet of guardian spirit
Books
 b - a book of Flames

   Spells                             Type                      Level
   *Flame Tongue                      Conjuration/Fire             1
   Throw Flame                        Conjuration/Fire             2
   *Conjure Flame                     Conjuration/Fire             3
   Inner Flame                        Hexes/Fire                   3
   Sticky Flame                       Conjuration/Fire             4
   Fireball                           Conjuration/Fire             5


   Skills:
 - Level 2.1 Dodging
 - Level 2.0 Stealth
 + Level 2.4 Spellcasting
 * Level 2.8 Conjurations
 * Level 3.9 Fire Magic


You had 2 spell levels left.
You knew the following spells:

 Your Spells              Type           Power        Failure   Level  Hunger
a - Flame Tongue          Conj/Fire      ##...        8%          1    #......
b - Conjure Flame         Conj/Fire      ##......     17%         3    ####...


Dungeon Overview and Level Annotations

Branches:
Dungeon (3/15)

Altars:

Annotations:
D:3 Grinder


Innate Abilities, Weirdness & Mutations

You have a beak for a mouth.
You have claws for feet.


Message History

Grinder is heavily wounded.
Grinder barely misses you.
Casting: Flame Tongue
Confirm with . or Enter, or press ? or * to list all spells.
You don't have enough magic to cast that spell.
Unknown command.
You hit Grinder. You claw Grinder, but do no damage.
You peck Grinder, but do no damage.
Grinder is heavily wounded.
Grinder barely misses you.
A goblin comes into view. It is wielding a dagger.
Unknown command.
You hit Grinder. Your kick misses Grinder.
Grinder is heavily wounded.
Grinder gestures at you.
You suddenly lose the ability to move!
Grinder hits you.
You writhe in agony.
* * * LOW HITPOINT WARNING * * *
Grinder hits you!
Ouch! That really hurt!
You die...

#.##.##.##.#.# #.#
#.##.##.##.%# #.#
###....##....###### #.#
#......#####.##... #.#
#.###.## #.##.### #.# #.#
#.# #.%..<.#.#. #.# #.#
#.##.#.#.# #.# #.#
####.##.....# #.# #.#
#.@5.####.### #.# #.#
#ยง#### #.#
##.###.###g#######.###.#
#......................#
#.<#.#####.##....#........
#..#.# #...#.....#####..
#..#.########....#.#
#.....5..####.#.##.##
#.##.###5.............


You could see Grinder and a goblin.

Vanquished Creatures
  2 adders (D:3)
  2 giant geckos (D:3)
  4 bats
  3 goblins
  A hobgoblin (D:1)
  2 jackals (D:3)
  A quokka (D:2)
  A giant cockroach (D:3)
  A kobold (D:3)
  4 rats
21 creatures vanquished.

Notes
Turn   | Place    | Note
--------------------------------------------------------------
     0 | D:1      | 4tharraofdagon, the Tengu Fire Elementalist, began the quest for the Orb.
     0 | D:1      | Reached XP level 1. HP: 10/10 MP: 3/3
    56 | D:1      | Paralysed by a potion of paralysis for 3 turns
   150 | D:3      | Reached XP level 2. HP: 7/15 MP: 1/5
   284 | D:3      | Noticed Grinder
   409 | D:3      | Found a glowing drain.
   444 | D:3      | Reached XP level 3. HP: 7/19 MP: 3/7
   460 | Sewer    | Entered a sewer
   472 | D:3      | Learned a level 3 spell: Conjure Flame
   564 | D:3      | Paralysed by Grinder for 5 turns
   565 | D:3      | Slain by Grinder

Action                   || total
-------------------------++-------
Melee: Mace              ||    17
 Cast: Flame Tongue      ||    26
       Conjure Flame     ||     1
  Use: Potion            ||     3
       Scroll            ||     2
 Stab: Sleeping          ||     1
